 Dungeon Crawl Stone Soup version 0.15.2 (webtiles) character file.

1769946 Dangus the Impregnable (level 27, 190/190 HPs)
             Began as a Gargoyle Fighter on Dec 13, 2015.
             Was the Champion of Qazlal.
             Escaped with the Orb
             ... and 3 runes on Dec 15, 2015!
             The game lasted 07:57:01 (64895 turns).

Dangus the Impregnable (Gargoyle Fighter)          Turns: 64895, Time: 07:57:02

HP 190/190       AC 69     Str 30      XL: 27
MP  43/43        EV  2     Int 12      God: Qazlal [******]
Gold 4482        SH 44     Dex 13      Spells:  0 memorised, 26 levels left

rFire  + + +     SeeInvis +     a - +7 eveningstar "Gihon" {elec, Noisy rF++}
rCold  + . .     Clarity  .     t - +8 gold dragon armour
rNeg   + + .     rCorr    .     c - +18 shield of the gong {rElec rN+ MR+ EV-5}
rPois  +         rRot     +     x - +1 helmet
rElec  +         Spirit   .     J - +2 cloak {+Inv}
SustAb .         Warding  .     n - +3 pair of gloves of Reason {rElec Int+1}
rMut   +         Stasis   .     o - -1 pair of boots "Kaidopt" {Slay+5 SInv Curse}
Gourm  .                        V - amulet of resist mutation
MR     +++..                    A - cursed ring of Hunicwebu {+Fly Slay+6 SInv Regen}
                                D - ring "Shriffacs" {+cTele rF++ Str+3}

@: repel missiles, extremely resistant to hostile enchantments, extremely
unstealthy
A: able to fly continuously, big wings, negative energy resistance 1,
electricity resistance, unbreathing, petrification resistance, rot immunity, AC
+20
a: Fly, Upheaval, Elemental Force, Disaster Area, Renounce Religion, Evoke
Invisibility, Evoke Flight, Evoke Teleport Control
0: Orb of Zot
}: 3/15 runes: decaying, serpentine, silver


You escaped.
You worshipped Qazlal.
Qazlal was exalted by your worship.
You were not hungry.

You visited 9 branches of the dungeon, and saw 53 of its levels.
You visited the Abyss 1 time.

You collected 7118 gold pieces.
You spent 2636 gold pieces at shops.

Inventory:

Hand weapons
 a - the +7 eveningstar "Gihon" (weapon) {elec, Noisy rF++}
   (You found it on level 8 of the Lair of Beasts)

   Occasionally, upon striking a foe, it will discharge some electrical energy
   and cause terrible harm.
   It greatly protects you from fire.
   It may make noises in combat.
Missiles
 j - 130 poisoned needles
 C - 6 throwing nets (quivered)
 R - 8 curare-tipped needles
Armour
 c - the +18 shield of the gong (worn) {rElec rN+ MR+ EV-5}
   (You found it on level 2 of the Vaults)

   It affects your evasion (-5).
   It insulates you from electricity.
   It protects you from negative energy.
   It affects your resistance to hostile enchantments.
 n - the +3 pair of gloves of Reason (worn) {rElec Int+1}
   (You bought it in a shop on level 4 of the Orcish Mines)

   It affects your intelligence (+1).
   It insulates you from electricity.
 o - the cursed -1 pair of boots "Kaidopt" (worn) {Slay+5 SInv Curse}
   (You found it on level 3 of the Depths)

   It affects your accuracy and damage with ranged weapons and melee attacks
   (+5).
   It enhances your eyesight.
   It may recurse itself when equipped.
   It has a curse placed upon it.
 t - a +8 gold dragon armour (worn)
 x - a +1 helmet (worn)
 J - a +2 cloak of darkness (worn)
Magical devices
 z - a wand of teleportation (2)
 Q - a wand of cold (7)
 U - a wand of draining (9)
 Y - a wand of fire (5)
Comestibles
 d - 24 bread rations
 s - 28 meat rations
 N - 2 beef jerkies
Scrolls
 b - 18 scrolls of identify
 g - 11 scrolls of fear
 v - 7 scrolls of recharging
 y - 6 scrolls of enchant weapon
 B - 9 scrolls of teleportation
 F - 5 scrolls of summoning
 H - 11 scrolls of remove curse
 L - 4 scrolls of magic mapping
 O - a scroll of holy word
 T - 8 scrolls of fog
 X - 6 scrolls of silence
Jewellery
 A - the cursed ring of Hunicwebu (right hand) {+Fly Slay+6 SInv Regen}
   (You found it on level 4 of the Snake Pit)

   [ring of regeneration]

   It affects your accuracy and damage with ranged weapons and melee attacks
   (+6).
   It enhances your eyesight.
   It lets you fly.
   It increases your rate of regeneration.
   It has a curse placed upon it.
 D - the ring "Shriffacs" (left hand) {+cTele rF++ Str+3}
   (You bought it in a shop on level 3 of the Vaults)

   [ring of teleport control]

   It can be evoked for teleport control.
   It affects your strength (+3).
   It greatly protects you from fire.
 V - an amulet of resist mutation (around neck)
 W - the amulet "Efrib" {Spirit +Fly rC++ Dex-3}
   (You found it on level 1 of the Depths)

   [amulet of guardian spirit]

   It causes incoming damage to be split between your health and magic.
   It affects your dexterity (-3).
   It greatly protects you from cold.
   It lets you fly.
Potions
 e - 9 potions of might
 f - 19 potions of curing
 h - 14 potions of heal wounds
 q - 5 potions of haste
 r - 3 potions of cancellation
 w - 2 potions of magic
 E - 7 potions of resistance
 P - 7 potions of agility
 S - 6 potions of restore abilities
Miscellaneous
 l - a fan of gales
 m - a lamp of fire
 G - a phial of floods
 Z - a stone of tremors


   Skills:
 * Level 24.1 Fighting
 - Level 19.0 Maces & Flails
 + Level 26.8 Armour
 + Level 24.2 Shields
 - Level 22.0 Invocations


You had 26 spell levels left.
You didn't know any spells.

Dungeon Overview and Level Annotations

Branches:
Dungeon (15/15)            Temple (1/1) D:4             Orc (4/4) D:10
    Elf (0/3) Orc:4          Lair (8/8) D:8           Swamp (5/5) Lair:6
  Snake (5/5) Lair:5        Slime (0/6) Lair:7       Vaults (5/5) D:13
  Crypt (0/3) Vaults:2     Depths (5/5) D:15            Zot (5/5) Depths:5

Altars:
Ashenzari
Cheibriados
Dithmenos
Elyvilon
Kikubaaqudgha
Makhleb
Nemelex Xobeh
Okawaru
Qazlal
Sif Muna
Trog
Vehumet
Xom
Yredelemnul
Zin
The Shining One
Beogh
Jiyva
Lugonu

Shops:
D:4 =   D:11 }!(*!   D:12 %([*   D:13 }   Orc:4 ?[!*   Snake:4 !   Vaults:1 (
Vaults:2 !   Vaults:3 =}*=   Vaults:4 =

Portals:
Hell: Depths:1 Depths:2 Depths:3 Depths:4 Depths:5
Abyss: Depths:4
Pandemonium: Depths:3 Depths:4 Depths:5
Ziggurat: Depths:4

Annotations:
Zot:4 exclusions: 12 doors and 24 more exclusions


Innate Abilities, Weirdness & Mutations

You are resistant to torment.
You are immune to poison.
You can fly continuously.
Your stone body is very resilient (AC +20).
Your wings are large and strong.
You resist negative energy.
You are resistant to electric shocks.
You can survive without breathing.
You are immune to petrification.
You are immune to rotting.


Message History

There is a stone staircase leading up here.
You climb upwards.
You sense a powerful magical force warping space.
There is a stone staircase leading down here.
You see here a club.
You see here 19 stones.
There is a stone staircase leading up here.
You climb upwards.
You sense a powerful magical force warping space.
There is a stone staircase leading down here.
A sun demon comes into view.
The sun demon shouts!
An infernal demonspawn comes into view. It is wielding a trident.
There is an open door here.
There is an open door here.
You open the door.
There is an open door here.
There is a staircase leading out of the dungeon here.
Enter note: First win!
You have escaped!

###########....#.#.#######...#
# #########'#########...#
#.................#...#
#.#.###########.#.#...#
#.##.#.......#.##.###.#
#.#.#.###'###.#.#.# #.# ######
#.#.#.#.....#.#.#.# #.#
)....###.#.#.#....§#.#.#.###.#
####.'.'.#.#.'.§@§.+.#.#.'.'.#
#####.#.#.#....§#.#.#.###.#
#.#.#.#.§...#.#.#.##..#
#.#.#.###+###.#.#.##..#
#.##.#.......#.##.##..#
#.#.###########.#.##..#
#.................###.####
#########+######### #..##. #[#
#..##.


There were no monsters in sight!

Vanquished Creatures
  4 pandemonium lords
  6 orbs of fire (Zot:5)
  2 ancient liches (Zot:5)
  Saint Roka (Vaults:4)
  2 curse toes
  Norris (Swamp:4)
  2 Killer Klowns (Zot:5)
  9 golden dragons
  A bone dragon (Swamp:5)
  10 electric golems
  Nikola (Swamp:4)
  20 tentacled monstrosities
  5 liches
  29 Orb Guardians
  2 Executioners (Abyss:1)
  5 titans
  7 storm dragons
  4 sphinxes
  2 quicksilver dragons
  4 tentacled starspawn (Abyss:1)
  Frances (Swamp:4)
  6 shadow dragons
  A revenant (Abyss:1)
  7 tengu reavers
  12 fire giants
  10 draconian monks
  9 greater nagas
  Donald (Snake:4)
  4 draconian scorchers
  3 deep elf sorcerers
  Wiglaf (Swamp:3)
  An iron dragon (Depths:5)
  2 ghost moths (Zot:1)
  15 frost giants
  Aizul (Swamp:1)
  14 vault wardens
  6 emperor scorpions
  4 draconian zealots
  Gastronok (Lair:2)
  6 draconian knights
  4 spriggan defenders
  Jorgrun (Snake:3)
  7 draconian annihilators
  A war gargoyle (Vaults:4)
  2 deep elf demonologists (Vaults:5)
  13 very ugly things
  A reaper (Abyss:1)
  33 stone giants
  A draconian caller (Zot:1)
  3 vampire knights
  7 draconian shifters
  10 green draconians
  6 dire elephants
  6 purple draconians
  11 yellow draconians
  Azrael (Snake:1)
  6 grey draconians
  2 deep elf annihilators
  12 mottled draconians
  12 pale draconians
  7 black draconians
  19 red draconians
  9 white draconians
  A lorocyproca (Depths:3)
  A white draconian (shapeshifter) (D:15)
  15 large abominations
  7 ettins
  Snorg (Snake:1)
  A deep elf death mage (Depths:2)
  38 vault guards
  3 minotaurs
  13 ogre magi
  22 fire dragons
  21 yaktaur captains
  3 deep elf high priests (Vaults:5)
  Fannar (Lair:2)
  11 rakshasas
  16 ice dragons
  20 ironheart preservers
  10 death cobs
  10 naga warriors
  2 ghost crabs (Vaults:2)
  Nessos (Snake:1)
  14 great orbs of eyes
  20 hydras
  2 shambling mangroves
  9 centaur warriors
  10 deep troll earth magi
  4 spriggan air magi
  8 deep troll shamans
  14 anacondas
  2 tengu warriors
  A dancing weapon (Vaults:5)
  9 alligators
  9 spriggan berserkers
  41 death yaks
  A thrashing horror (Abyss:1)
  Urug (D:12)
  A soul eater (Depths:5)
  3 catoblepae (Lair:8)
  21 naga sharpshooters
  10 shock serpents
  3 shadow wraiths
  2 wretched stars (Abyss:1)
  2 sun demons
  A fire crab (Lair:8)
  11 spriggans
  8 salamander mystics
  2 iron trolls
  2 ice devils (Depths:3)
  9 swamp dragons
  3 swamp dragons (shapeshifter)
  11 deep elf knights
  7 naga ritualists
  30 deep trolls
  3 giant orange brains
  3 sea snakes (Snake:3)
  3 unseen horrors
  A ghost moth zombie (Abyss:1)
  5 flayed ghosts
  21 ironbrand convokers
  5 necromancers
  A golden dragon skeleton (Depths:2)
  5 spectral hydras (Swamp:5)
  4 lindwurms (Snake:5)
  12 orc knights
  A shadow demon (Depths:5)
  A deep elf summoner (Depths:2)
  4 harpies
  5 deep elf conjurers
  6 hill giants
  An oklob plant (Swamp:5)
  10 salamanders
  12 mana vipers
  8 griffons
  38 ugly things
  4 manticores
  33 slime creatures
  A draconian zombie (Zot:5)
  11 elephants
  5 wolf spiders
  A manticore (shapeshifter) (D:14)
  7 red wasps
  5 phantasmal warriors
  A draconian (shapeshifter) (D:13)
  23 moths of wrath
  2 sixfirhies
  A fire giant skeleton (Depths:2)
  A tormentor (D:15)
  3 wizards
  Maurice (Orc:1)
  A worldbinder (Abyss:1)
  22 vault sentinels
  3 orange demons
  Joseph (Orc:1)
  44 black mambas
  12 small abominations
  7 cyclopes
  7 iron devils
  An item mimic (Lair:5)
  6 guardian serpents
  2 apocalypse crabs (Abyss:1)
  4 torpor snails
  31 naga magi
  6 smoke demons (Abyss:1)
  A gargoyle (D:15)
  A kobold demonologist (D:14)
  7 komodo dragons
  2 efreet
  4 swamp worm zombies (Swamp:5)
  4 wandering mushrooms
  40 yaktaurs
  2 ancient zymes (Abyss:1)
  6 freezing wraiths
  4 hellwings
  10 deep elf priests
  3 hydra zombies (Swamp:5)
  Grinder (D:6)
  2 fire drakes
  A troll (shapeshifter) (D:14)
  A red devil (D:14)
  A queen bee (D:12)
  A polar bear (Lair:7)
  2 merfolk (shapeshifter)
  30 two-headed ogres
  16 spiny frogs
  18 ravens
  A giant leech (shapeshifter) (Vaults:5)
  9 bog bodies
  9 trolls
  2 spectral swamp dragons (Swamp:5)
  10 deep elf magi
  5 baby alligators (Swamp:1)
  A moth of wrath zombie (Zot:4)
  5 raiju (Abyss:1)
  A fire dragon zombie (D:15)
  10 giant leeches
  3 alligator zombies (Swamp:5)
  3 basilisks
  20 blink frogs
  10 boulder beetles
  An ice dragon zombie (Zot:5)
  3 air elementals (Depths:4)
  3 ynoxinuls
  16 starcursed masses (Abyss:1)
  4 wyverns
  A redback (Vaults:1)
  7 wraiths
  A flying skull (Abyss:1)
  3 fire bats (Zot:1)
  6 shadows
  75 yaks
  A fire giant simulacrum (Abyss:1)
  2 frost giant simulacra
  A hog (shapeshifter) (Vaults:5)
  A fire bat (shapeshifter) (D:15)
  A vampire (D:15)
  A shock serpent simulacrum (Abyss:1)
  Eustachio (D:9)
  A wyvern (shapeshifter) (D:14)
  28 fire elementals
  2 chaos spawn
  53 nagas
  6 neqoxecs
  A steam dragon (Lair:8)
  13 deep elf fighters
  10 hippogriffs
  14 vampire mosquitoes
  3 hungry ghosts
  2 mottled dragons
  Menkaure (D:5)
  6 wolves (Lair:8)
  3 wargs
  A warg (shapeshifter) (Abyss:1)
  33 swamp worms
  10 swamp drakes
  A water moccasin (shapeshifter) (Depths:2)
  3 hell hounds (Snake:1)
  4 sky beasts
  7 porcupines
  A spider (shapeshifter) (Vaults:2)
  39 water moccasins
  2 black bears
  4 ice beasts
  45 orc warriors
  8 phantoms
  29 centaurs
  A dwarf (shapeshifter) (Vaults:5)
  4 swamp dragon zombies (Swamp:5)
  38 ogres
  3 boring beetles
  16 crocodiles
  3 human skeletons
  A vampire mosquito zombie (D:15)
  A centaur (shapeshifter) (D:15)
  A necrophage (D:13)
  11 yellow wasps
  A boring beetle (shapeshifter) (Depths:3)
  Duvessa (D:9)
  5 boggarts
  A big kobold (D:8)
  A human zombie (Vaults:3)
  19 giant frogs
  Blork the orc (D:6)
  A gnoll sergeant (D:13)
  20 insubstantial wisps
  A komodo dragon skeleton (D:13)
  A yaktaur skeleton (D:12)
  An eye of draining (shapeshifter) (Depths:2)
  2 scorpions
  22 killer bees
  2 eyes of draining
  A troll skeleton (D:11)
  A goliath beetle (D:6)
  8 wights
  Dowan (D:9)
  10 crimson imps
  6 quasits (Abyss:1)
  A giant frog zombie (D:15)
  A centaur zombie (D:5)
  3 jellies
  An elf zombie (Vaults:3)
  24 orc priests
  15 hounds
  26 orc wizards
  11 iguanas
  9 worker ants
  2 elf skeletons
  A two-headed ogre skeleton (D:12)
  2 giant frog skeletons
  An iron imp (Abyss:1)
  15 sheep
  A brain worm zombie (D:15)
  An ogre zombie (D:5)
  A sky beast zombie (D:12)
  A big kobold skeleton (D:10)
  A mottled dragon skeleton (D:14)
  A hound skeleton (D:9)
  10 gnolls
  A steam dragon zombie (D:10)
  33 adders
  A swamp drake zombie (Swamp:5)
  6 white imps
  51 green rats
  7 shadow imps
  4 giant mites
  A worm (shapeshifter) (Vaults:5)
  3 worms
  16 ufetubi
  9 giant geckos
  2 oozes
  187 orcs
  6 ball pythons
  17 bats
  7 giant cockroaches
  21 goblins
  19 hobgoblins
  12 jackals
  15 kobolds
  11 quokkas
  A giant cockroach zombie (D:5)
  4 giant newts
  A giant spore (D:14)
  A goblin skeleton (D:4)
  A hobgoblin skeleton (D:5)
  A jackal skeleton (D:4)
  3 orc skeletons
  3 orc zombies
  11 rats
  A rat skeleton (D:8)
  A rat zombie (D:6)
  6 ballistomycetes
  9 bushes
  3 crawling corpses
  66 fungi
  44 plants
  6 starspawn tentacles (Abyss:1)
  A starspawn tentacle segment (Abyss:1)
2868 creatures vanquished.

Vanquished Creatures (others)
  3 fire giants
  A green draconian (Zot:5)
  An ice dragon (Zot:1)
  A death cob (Zot:5)
  A hydra (Depths:4)
  A green draconian zombie (Zot:5)
  A water elemental (Vaults:4)
  2 deep elf fighters
  3 nagas (Snake:5)
  An orc (Vaults:5)
  A giant spore (D:7)
  A crawling corpse (Vaults:3)
  6 fungi
  10 plants
  13 starspawn tentacles (Abyss:1)
  240 starspawn tentacle segments (Abyss:1)
286 creatures vanquished.

Grand Total: 3154 creatures vanquished

Notes
Turn   | Place    | Note
--------------------------------------------------------------
     0 | D:1      | Dangus, the Gargoyle Fighter, began the quest for the Orb.
     0 | D:1      | Reached XP level 1. HP: 14/14 MP: 1/1
    82 | D:1      | Reached XP level 2. HP: 19/19 MP: 2/2
   312 | D:1      | Reached XP level 3. HP: 23/23 MP: 3/3
   412 | D:1      | Reached skill level 4 in Shields
   566 | D:1      | Found a glowing golden altar of the Shining One.
   907 | D:2      | Found a deep blue altar of Sif Muna.
   971 | D:2      | Reached XP level 4. HP: 28/28 MP: 4/4
  1447 | D:3      | Reached XP level 5. HP: 25/32 MP: 5/5
  1661 | D:3      | Found a shattered altar of Ashenzari.
  1661 | D:3      | Found a shimmering altar of Xom.
  2476 | D:4      | Found Pnau's Jewellery Emporium.
  2508 | D:4      | Found a staircase to the Ecumenical Temple.
  2521 | Temple   | Entered the Ecumenical Temple
  2609 | Temple   | Became a worshipper of Qazlal Stormbringer
  2835 | D:4      | Reached XP level 6. HP: 9/37 MP: 6/6
  3374 | D:5      | Entered Level 5 of the Dungeon
  3498 | D:5      | Reached skill level 5 in Shields
  3510 | D:5      | Noticed Menkaure
  3518 | D:5      | Killed Menkaure
  3518 | D:5      | Reached skill level 5 in Maces & Flails
  3518 | D:5      | Reached XP level 7. HP: 18/41 MP: 2/7
  3798 | D:5      | Reached skill level 5 in Armour
  3841 | D:5      | Found a sparkling altar of Nemelex Xobeh.
  4163 | D:4      | HP: 1/41 [centaur (2)]
  4475 | D:4      | Acquired Qazlal's first power
  4475 | D:4      | Reached skill level 6 in Maces & Flails
  5054 | D:5      | Found an iron altar of Okawaru.
  5324 | D:6      | Noticed Grinder
  5332 | D:6      | Paralysed by Grinder for 3 turns
  5347 | D:6      | Reached XP level 8. HP: 29/46 MP: 4/8
  5396 | D:6      | Noticed Blork the orc
  5411 | D:6      | Killed Blork the orc
  5484 | D:6      | Found a radiant altar of Vehumet.
  5530 | D:6      | Reached skill level 7 in Maces & Flails
  6204 | D:6      | Paralysed by Grinder for 2 turns
  6210 | D:6      | Killed Grinder
  6210 | D:6      | Reached skill level 8 in Maces & Flails
  6548 | D:7      | Reached XP level 9. HP: 49/51 MP: 7/9
  6977 | D:7      | Acquired Qazlal's second power
  7164 | D:7      | Found an ancient bone altar of Kikubaaqudgha.
  7361 | D:7      | Reached skill level 9 in Maces & Flails
  8157 | D:8      | Found a staircase to the Lair.
  8270 | D:8      | Reached skill level 10 in Maces & Flails
  8270 | D:8      | Reached XP level 10. HP: 56/56 MP: 10/10
  8344 | D:9      | Noticed Duvessa
  8356 | D:9      | Killed Duvessa
  8361 | D:9      | Noticed Dowan
  8375 | D:9      | Killed Dowan
  8800 | D:9      | Noticed Eustachio
  8899 | D:9      | Killed Eustachio
  8933 | D:9      | Gained mutation: You are dopey. (Int -2) [mutagenic meat]
  9023 | D:9      | Acquired Qazlal's third power
  9335 | D:10     | Entered Level 10 of the Dungeon
  9655 | D:10     | Reached skill level 11 in Maces & Flails
  9815 | D:10     | Found a staircase to the Orcish Mines.
 10006 | D:10     | Acquired Qazlal's fourth power
 10699 | D:11     | Found Naixuk's Distillery.
 10773 | Lair:1   | Entered Level 1 of the Lair of Beasts
 10841 | Lair:1   | Reached XP level 11. HP: 60/60 MP: 11/11
 11047 | Lair:1   | Reached skill level 12 in Maces & Flails
 11397 | Lair:2   | Noticed Gastronok
 11435 | Lair:2   | Reached skill level 10 in Shields
 11457 | Lair:2   | Reached skill level 10 in Armour
 11809 | Lair:2   | Noticed a five-headed hydra
 11813 | Lair:2   | Noticed Fannar
 11822 | Lair:1   | Killed a five-headed hydra
 11838 | Lair:2   | Killed Fannar
 12694 | Lair:2   | Acquired Qazlal's fifth power
 12724 | Lair:2   | Reached skill level 13 in Maces & Flails
 12870 | Lair:2   | Reached XP level 12. HP: 46/64 MP: 9/12
 13229 | Lair:2   | Killed Gastronok
 13615 | Lair:3   | Found a basalt altar of Yredelemnul.
 14181 | Lair:3   | Reached skill level 14 in Maces & Flails
 14578 | Lair:4   | Reached skill level 5 in Fighting
 15022 | Lair:5   | Noticed a six-headed hydra
 15026 | Lair:5   | Noticed a death yak
 15032 | Lair:5   | Noticed a death yak
 15033 | Lair:5   | Noticed a death yak
 15067 | Lair:4   | Killed a six-headed hydra
 15138 | Lair:4   | Killed a death yak
 15138 | Lair:4   | Reached XP level 13. HP: 47/74 MP: 9/13
 15220 | Lair:4   | Killed a death yak
 15234 | Lair:4   | Killed a death yak
 15234 | Lair:4   | Reached skill level 15 in Maces & Flails
 15537 | Lair:5   | Found a staircase to the Snake Pit.
 16206 | Lair:6   | Found a glowing silver altar of Zin.
 16580 | Lair:6   | Found a staircase to the Swamp.
 17442 | Lair:7   | Found a staircase to the Slime Pits.
 17444 | Lair:7   | Found a viscous altar of Jiyva.
 18204 | Lair:8   | Entered Level 8 of the Lair of Beasts
 18226 | Lair:8   | Reached skill level 16 in Maces & Flails
 18286 | Lair:7   | Gained mutation: You are weak. (Str -2) [potion of mutation]
 18286 | Lair:7   | Gained mutation: You have large cloven feet. [potion of mutation]
 18414 | Lair:8   | Gained mutation: Your wings are large and strong. [gargoyle growth]
 18414 | Lair:8   | Reached XP level 14. HP: 70/84 MP: 12/14
 19341 | Lair:8   | Reached skill level 17 in Maces & Flails
 19536 | Lair:8   | Got a pitted eveningstar
 19540 | Lair:8   | Identified the +7 eveningstar "Gihon" {elec, Noisy rF++} (You found it on level 8 of the Lair of Beasts)
 19786 | Lair:8   | Reached skill level 10 in Fighting
 20641 | D:11     | Found Wyafrya's Assorted Antiques.
 20648 | D:11     | Found Thinkaho's Distillery.
 20648 | D:11     | Noticed a hill giant
 20655 | D:11     | Killed a hill giant
 20772 | D:11     | Found Vali's Antique Weapon Boutique.
 21361 | D:11     | Found Kluwn's Gadget Boutique.
 21438 | D:12     | Found Plog's Armour Shoppe.
 21455 | D:12     | Found Isonoj's Assorted Antiques.
 21582 | D:12     | Noticed Urug
 21622 | D:12     | Killed Urug
 21622 | D:12     | Reached XP level 15. HP: 92/92 MP: 15/15
 21699 | D:12     | Gained mutation: You have difficulty communicating with the divine. [mutagenic meat]
 21700 | D:12     | Gained mutation: You are agile. (Dex +2) [mutagenic meat]
 21702 | D:12     | Lost mutation: You are dopey. (Int -2) [potion of cure mutation]
 21702 | D:12     | Lost mutation: You are weak. (Str -2) [potion of cure mutation]
 21702 | D:12     | Lost mutation: You are agile. (Dex +2) [potion of cure mutation]
 21702 | D:12     | Lost mutation: You have large cloven feet. [potion of cure mutation]
 21885 | D:11     | Bought a potion of cure mutation for 455 gold pieces
 22070 | D:12     | Found Ghoi's Food Boutique.
 22322 | D:12     | Found Puefuodd's Weapon Boutique.
 22403 | D:13     | Reached skill level 18 in Maces & Flails
 22482 | D:13     | Gained mutation: Armour fits poorly on your strangely shaped body. [mutagenic meat]
 22483 | D:13     | Gained mutation: You are frail (-10% HP). [mutagenic meat]
 22484 | D:13     | Gained mutation: Your vision is a little blurry. [mutagenic meat]
 22486 | D:13     | Lost mutation: You are frail (-10% HP). [potion of cure mutation]
 22486 | D:13     | Lost mutation: You have difficulty communicating with the divine. [potion of cure mutation]
 22486 | D:13     | Lost mutation: Your vision is a little blurry. [potion of cure mutation]
 22486 | D:13     | Lost mutation: Armour fits poorly on your strangely shaped body. [potion of cure mutation]
 22493 | D:13     | Found a gate to the Vaults.
 22751 | D:13     | Found Dovoy's Gadget Shoppe.
 23013 | D:13     | Found a basalt altar of Yredelemnul.
 23596 | D:14     | Found a stormy altar of Qazlal.
 24020 | D:15     | Entered Level 15 of the Dungeon
 24236 | D:15     | Reached skill level 15 in Armour
 24822 | D:15     | Found a staircase to the Depths.
 25097 | Orc:1    | Entered Level 1 of the Orcish Mines
 25103 | Orc:1    | Noticed Joseph
 25104 | Orc:1    | Noticed Maurice
 25113 | Orc:1    | Killed Maurice
 25113 | Orc:1    | Reached XP level 16. HP: 89/101 MP: 13/16
 25116 | Orc:1    | Killed Joseph
 25881 | Orc:2    | Found an iron altar of Okawaru.
 25998 | Orc:2    | Found a roughly hewn altar of Beogh.
 26386 | Orc:2    | Found an iron altar of Okawaru.
 26842 | Orc:4    | Entered Level 4 of the Orcish Mines
 26917 | Orc:4    | Found a staircase to the Elven Halls.
 27085 | Orc:3    | Reached skill level 19 in Maces & Flails
 27085 | Orc:3    | Reached skill level 1 in Invocations
 27182 | Orc:4    | Found Voyc's Magic Scroll Emporium.
 27182 | Orc:4    | Found Khusm's Antique Armour Shop.
 27225 | Orc:4    | Bought a pair of faintly humming gloves for 199 gold pieces
 27242 | Orc:4    | Identified the +3 pair of gloves of Reason {rElec Int+1} (You bought it in a shop on level 4 of the Orcish Mines)
 27369 | Orc:4    | Found a roughly hewn altar of Beogh.
 27416 | Orc:4    | Found Skedioq's General Store.
 27416 | Orc:4    | Found Bealam's Distillery.
 28083 | Orc:4    | Bought a potion of beneficial mutation for 385 gold pieces
 28083 | Orc:4    | Bought a potion of cure mutation for 385 gold pieces
 28084 | Orc:4    | Gained mutation: You have very sharp teeth. [potion of beneficial mutation]
 28423 | Swamp:1  | Entered Level 1 of the Swamp
 28582 | Swamp:1  | Noticed Aizul
 28602 | Swamp:1  | Killed Aizul
 28811 | Swamp:1  | Reached skill level 5 in Invocations
 29207 | Swamp:2  | Found a snail-covered altar of Cheibriados.
 29983 | Swamp:3  | Noticed Wiglaf
 30069 | Swamp:3  | Killed Wiglaf
 30453 | Swamp:3  | Reached XP level 17. HP: 104/106 MP: 27/27
 30823 | Swamp:4  | Noticed Norris
 30862 | Swamp:4  | Paralysed by something for 7 turns
 30931 | Swamp:4  | Noticed Frances
 31069 | Swamp:4  | Noticed Nikola
 31088 | Swamp:4  | Killed Nikola
 31202 | Swamp:4  | Killed Frances
 31415 | Swamp:4  | Killed Norris
 32283 | Swamp:5  | Entered Level 5 of the Swamp
 32649 | Swamp:5  | Reached skill level 10 in Invocations
 32700 | Swamp:5  | Noticed a bone dragon
 32731 | Swamp:5  | Killed a bone dragon
 32934 | Swamp:5  | Got a decaying rune of Zot
 33401 | Vaults:1 | Entered Level 1 of the Vaults
 33871 | Vaults:1 | Reached XP level 18. HP: 113/113 MP: 26/30
 34770 | Vaults:1 | Found Wasso's Weapon Shop.
 35964 | Vaults:2 | Found Ostraphoipn's Distillery.
 36445 | Vaults:2 | Reached skill level 15 in Shields
 36691 | Vaults:2 | Found a staircase to the Crypt.
 37324 | Vaults:3 | Found Eklow's Gadget Shop.
 37350 | Vaults:3 | Noticed a lich
 37354 | Vaults:3 | Noticed a Hell Sentinel
 37365 | Vaults:3 | Killed a lich
 37367 | Vaults:3 | Reached XP level 19. HP: 66/122 MP: 2/31
 37766 | Vaults:3 | Found Mneuz's Jewellery Shoppe.
 37845 | Vaults:3 | Found Greinep's General Store.
 38163 | Vaults:3 | Reached skill level 15 in Fighting
 38234 | Vaults:3 | Found Areblyuz's Jewellery Emporium.
 39145 | Vaults:4 | Found Aroel's Jewellery Shop.
 39823 | Vaults:5 | Entered Level 5 of the Vaults
 39836 | Vaults:5 | Reached XP level 20. HP: 73/129 MP: 8/34
 40257 | Vaults:5 | Noticed a Brimstone Fiend
 40893 | Snake:1  | Entered Level 1 of the Snake Pit
 40972 | Snake:1  | Noticed Azrael
 40979 | Snake:1  | Killed Azrael
 41325 | Snake:1  | Noticed Snorg
 41339 | Snake:1  | Killed Snorg
 41340 | Snake:1  | Noticed Nessos
 41397 | Snake:1  | Killed Nessos
 42729 | Snake:3  | Noticed Jorgrun
 42742 | Snake:3  | Killed Jorgrun
 43549 | Snake:4  | Found Qoili's Distillery.
 43558 | Snake:4  | Bought 2 potions of heal wounds for 108 gold pieces
 43558 | Snake:4  | Bought a potion of heal wounds for 54 gold pieces
 43949 | Snake:4  | Got a smoking glass ring
 43950 | Snake:4  | Identified the cursed ring of Hunicwebu {+Fly Slay+6 SInv Regen} (You found it on level 4 of the Snake Pit)
 44053 | Snake:4  | Reached skill level 20 in Armour
 44053 | Snake:4  | Reached skill level 15 in Invocations
 44446 | Snake:5  | Entered Level 5 of the Snake Pit
 44461 | Snake:5  | Noticed Donald
 44474 | Snake:4  | Reached XP level 21. HP: 134/134 MP: 36/36
 44491 | Snake:4  | Killed Donald
 45410 | Snake:5  | Got a serpentine rune of Zot
 46348 | Vaults:5 | Cast into the Abyss (deep elf sorcerer)
 46348 | Abyss:1  | Found a corrupted altar of Lugonu.
 46379 | Abyss:1  | Found an iron altar of Okawaru.
 46428 | Abyss:1  | Reached XP level 22. HP: 124/140 MP: 32/38
 46915 | Abyss:1  | Gained mutation: You have difficulty communicating with the divine. [a neqoxec]
 46930 | Abyss:1  | Lost mutation: You have difficulty communicating with the divine. [potion of cure mutation]
 46930 | Abyss:1  | Lost mutation: You have very sharp teeth. [potion of cure mutation]
 47056 | Abyss:1  | Reached skill level 21 in Armour
 47349 | Vaults:5 | Escaped the Abyss
 47769 | Vaults:5 | Noticed Saint Roka
 47784 | Vaults:4 | Killed Saint Roka
 48000 | Vaults:5 | Noticed a golden dragon
 48015 | Vaults:5 | Killed a golden dragon
 48029 | Vaults:5 | Reached XP level 23. HP: 116/149 MP: 24/38
 48081 | Vaults:5 | Noticed a golden dragon
 48092 | Vaults:5 | Killed a golden dragon
 48482 | Vaults:5 | Got a silver rune of Zot
 49280 | Vaults:5 | Identified the Incunabulum of Gliding Combat Magic
 49778 | Depths:1 | Entered Level 1 of the Depths
 49778 | Depths:1 | Found a shattered altar of Ashenzari.
 50623 | Depths:1 | Got a sparkling brass amulet
 50624 | Depths:1 | Identified the amulet "Efrib" {Spirit +Fly rC++ Dex-3} (You found it on level 1 of the Depths)
 50765 | Depths:1 | Reached skill level 22 in Armour
 50801 | Depths:1 | Found a shadowy altar of Dithmenos.
 51323 | Depths:1 | Found a gateway to Hell.
 51744 | Depths:2 | Found a burning altar of Makhleb.
 51746 | Depths:2 | Found a basalt altar of Yredelemnul.
 51746 | Depths:2 | Found a glowing golden altar of the Shining One.
 51989 | Depths:2 | Reached XP level 24. HP: 114/160 MP: 27/39
 52319 | Depths:2 | Reached skill level 23 in Armour
 52531 | Depths:2 | Identified a scroll of acquirement
 53507 | Depths:3 | Reached XP level 25. HP: 165/170 MP: 39/39
 53743 | Depths:3 | Identified the Compendium of Feathery Combat Magic (You found it on level 3 of the Depths)
 53746 | Depths:3 | Got a pair of ichor-stained boots
 53757 | Depths:3 | Identified the cursed -1 pair of boots "Kaidopt" {Slay+5 SInv Curse} (You found it on level 3 of the Depths)
 53796 | Depths:3 | Reached skill level 24 in Armour
 53809 | Depths:3 | Found a one-way gate leading to the halls of Pandemonium.
 54789 | Depths:4 | Found a corrupted altar of Lugonu.
 54795 | Depths:4 | Found a one-way gate to the infinite horrors of the Abyss.
 54812 | Depths:4 | Found a gateway to a ziggurat.
 55410 | Depths:5 | Entered Level 5 of the Depths
 56008 | Depths:5 | Found a gate to the Realm of Zot.
 57176 | Vaults:3 | Bought the ring "Shriffacs" {+cTele rF++ Str+3} for 1050 gold pieces
 57696 | Zot:1    | Entered Level 1 of the Realm of Zot
 57872 | Depths:5 | Reached XP level 26. HP: 152/177 MP: 37/41
 59377 | Zot:1    | Reached skill level 25 in Armour
 60217 | Zot:2    | Reached XP level 27. HP: 182/182 MP: 42/42
 61043 | Zot:5    | Entered Level 5 of the Realm of Zot
 62593 | Zot:5    | Noticed an orb of fire
 62594 | Zot:5    | Gained mutation: You are surrounded by a mild repulsion field (EV +2). [an orb of fire]
 62604 | Zot:5    | Killed an orb of fire
 62604 | Zot:5    | Reached skill level 26 in Armour
 62664 | Zot:5    | Noticed an orb of fire
 62696 | Zot:5    | Killed an orb of fire
 62778 | Zot:5    | Noticed an orb of fire
 62804 | Zot:5    | Killed an orb of fire
 62945 | Zot:5    | Noticed an orb of fire
 62947 | Zot:5    | Gained mutation: Armour fits poorly on your strangely shaped body. [an orb of fire]
 62963 | Zot:5    | Killed an orb of fire
 63060 | Zot:5    | Noticed an ancient lich
 63066 | Zot:5    | Killed an ancient lich
 63127 | Zot:5    | Noticed an orb of fire
 63127 | Zot:5    | Gained mutation: You are frail (-10% HP). [an orb of fire]
 63243 | Zot:5    | Gained mutation: You are very frail (-20% HP). [an orb of fire]
 63259 | Zot:5    | Killed an orb of fire
 63263 | Zot:5    | Lost mutation: Armour fits poorly on your strangely shaped body. [potion of cure mutation]
 63263 | Zot:5    | Lost mutation: You are very frail (-20% HP). [potion of cure mutation]
 63263 | Zot:5    | Lost mutation: You are frail (-10% HP). [potion of cure mutation]
 63263 | Zot:5    | Lost mutation: You are surrounded by a mild repulsion field (EV +2). [potion of cure mutation]
 63436 | Zot:5    | Noticed an orb of fire
 63457 | Zot:5    | Killed an orb of fire
 63467 | Zot:5    | Noticed an ancient lich
 63489 | Zot:5    | Killed an ancient lich
 63683 | Zot:5    | Identified the Incunabulum of Transmutation and the Mountains
 64059 | Zot:5    | Got the Orb of Zot
 64066 | Zot:5    | Noticed Garhayf the pandemonium lord
 64077 | Zot:5    | Killed Garhayf the pandemonium lord
 64245 | Depths:3 | Noticed Gasmeh the pandemonium lord
 64269 | Depths:2 | Killed Gasmeh the pandemonium lord
 64296 | Depths:1 | Paralysed by a great orb of eyes for 2 turns
 64333 | Depths:1 | Noticed Thrus the pandemonium lord
 64350 | Depths:1 | Killed Thrus the pandemonium lord
 64514 | D:14     | Noticed Blet the pandemonium lord
 64527 | D:14     | Killed Blet the pandemonium lord
 64600 | D:13     | Noticed Pluappu the pandemonium lord
 64894 | D:1      | First win!
 64895 | D:$      | Escaped with the Orb!

Action                   |  1- 3 |  4- 6 |  7- 9 | 10-12 | 13-15 | 16-18 | 19-21 | 22-24 | 25-27 || total
-------------------------+-------+-------+-------+-------+-------+-------+-------+-------+-------++-------
Melee: Flail             |   122 |   230 |       |       |       |       |       |       |       ||   352
       Morningstar       |       |    41 |   501 |   896 |   808 |       |       |       |       ||  2246
       Eveningstar       |       |       |       |       |   611 |  1624 |  1313 |  1489 |  1950 ||  6987
 Fire: Blowgun           |       |     7 |    25 |    88 |       |    77 |       |       |       ||   197
Invok: Upheaval          |       |       |       |       |       |    25 |    23 |    18 |     6 ||    72
       Disaster Area     |       |       |       |       |       |       |     6 |     3 |     1 ||    10
 Abil: Fly               |       |       |       |       |       |     3 |     1 |       |       ||     4
       Stop Flying       |       |       |       |       |       |       |     2 |       |       ||     2
Evoke: Wand              |     1 |       |     1 |       |     6 |     3 |     5 |       |       ||    16
       Lamp of fire      |       |       |       |       |       |     1 |       |       |       ||     1
       Phial of floods   |       |       |       |       |       |       |     1 |       |       ||     1
  Use: Scroll            |       |       |    12 |     4 |    16 |     6 |     6 |    13 |    19 ||    76
       Potion            |       |       |       |       |     3 |     2 |     4 |     2 |     2 ||    13
 Stab: Confused          |       |       |       |       |     1 |       |       |       |       ||     1
       Distracted        |       |       |       |       |       |       |       |     1 |       ||     1
  Eat: Chunk             |       |     9 |    17 |    24 |    34 |    31 |    18 |    21 |    29 ||   183
       Fruit             |       |       |       |       |     2 |     1 |       |     4 |     3 ||    10
       Beef jerky        |       |       |       |       |     2 |       |       |     2 |     7 ||    11
       Pizza             |       |       |       |       |       |     2 |     2 |       |     3 ||     7
       Royal jelly       |       |       |       |       |       |     3 |     3 |     1 |     1 ||     8
